[Event "10th Floripa Open 2024"]
[Site "Florianopolis"]
[Date "2024.01.28"]
[Round "10.7"]
[White "Dos Santos Dutra, Fernando Junior Frei"]
[Black "Haldorsen, Benjamin"]
[Result "0-1"]
[ECO "E70"]
[WhiteElo "2262"]
[BlackElo "2427"]
[Annotator "TA"]
[PlyCount "98"]
[EventDate "2024.01.10"]
[EventType "swiss"]
[EventCountry "BRA"]
[SourceTitle "playchess.com"]
[Source "ChessBase"]
[SourceQuality "1"]
[TimeControl "5400+30"]

1. d4 Nf6 2. c4 g6 3. Nc3 Bg7 4. e4 d6 5. Nge2 O-O 6. Ng3 h5 7. Bd3 (7. Be2 $14) 7... a5 (7... h4 $11 8. Nge2 h3) 8. O-O e5 9. d5 {[%emt 0:00:05] White is slightly better.} h4 10. Nge2 Nh5 11. h3 Na6 12. Be3 Nc5 (12... f5 $11 13. exf5 gxf5) 13. Bc2 $14 f5 14. Qd2 (14. Kh1 $14) 14... Kh7 (14... f4 $11 15. Bxc5 dxc5) 15. f3 ({Better is} 15. exf5 $16 Bxf5 16. Bxc5 dxc5 17. Rae1) 15... Bd7 16. b3 Rf7 17. Rab1 Qf8 (17... f4 $11 18. Bf2 Qg5) 18. a3 (18. Bxc5 $16 {[%cal Oe4f5] exf5! would now be deadly.} dxc5 19. exf5 Bxf5 20. Bxf5 Rxf5 21. Qe1) 18... Bh6 $11 19. b4 axb4 20. axb4 Na6 ({But not} 20... Bxe3+ $6 21. Qxe3 f4 22. Qf2 $16) (20... Nxe4 $1 $11 {remains equal.} 21. Bxe4 (21. fxe4 f4 $15) 21... fxe4 22. Nxe4 Re7) 21. Bxh6 Qxh6 22. Qxh6+ Kxh6 23. Kf2 (23. Ra1 $16) 23... Kg5 24. Ke3 Rb8 25. Rfd1 ({White should try} 25. Rb2 $14) 25... b5 26. Bd3 bxc4 27. Bxc4 Nxb4 28. Rd2 Rff8 29. Rdb2 c5 30. dxc6 Nxc6 31. Rd2 (31. Rb5 $11) 31... Rxb1 (31... Na5 {is more complex.} 32. Ba6 Rxb1 33. Nxb1 f4+) 32. Nxb1 Na5 $36 {[%emt 0:00:00][%mdl 2048] White is under strong pressure.} 33. Ba2 Nb7 34. Rb2 Bc6 35. Rb6 Rc8 36. Nbc3 Ng3 ({Black should play} 36... fxe4 $17 37. fxe4 Nc5) 37. Nxg3 (37. Be6 $15 Na5 38. Nxg3 (38. Bxc8 $2 Nc4+ 39. Kf2 Nxb6 $17) 38... hxg3 39. Kd3 (39. h4+ $2 Kxh4 40. Ke2 Rc7 $19)) 37... hxg3 $17 38. Nd5 Ra8 39. Bc4 $2 {[%emt 0:00:04][%mdl 8192] [#] White does not recover from this.} (39. Nc3 $17 {is more resistant.} Nd8 40. Kd2) 39... Ra3+ $19 40. Ke2 Na5 {[%emt 0:00:13] Strongly threatening ...Ba8.} 41. Ra6 $2 (41. exf5 gxf5 (41... Nxc4 42. Rxc6 Ra2+ 43. Ke1 $11) 42. Kf1) 41... Bb7 42. Ra7 Nxc4 43. Rxb7 {[%emt 0:00:03][%mdl 4096] Endgame. KRN-KRN} Ra2+ 44. Kd3 Nb2+ 45. Ke3 $2 {[%emt 0:01:13] [#]} (45. Ke2 Na4+ 46. Kf1 Rf2+ 47. Kg1) 45... Nd1+ {[%emt 0:00:37] Black is clearly winning.} 46. Kd3 Nf2+ 47. Kc4 fxe4 48. Rh7 exf3 49. gxf3 Ra4+ {[%emt 0:02:42] Weighted Error Value: White=0.63/Black=0.22 (precise) .  Loses game:     	White=1     	---        Mistake:       	White=9     	Black=6      Inaccurate:     	White=5     	Black=2      OK:         	White=5     	Black=12     Best:        	White=2     	Black=2} 0-1

[Event "10th Floripa Open 2024"]
[Site "Florianopolis"]
[Date "2024.01.28"]
[Round "10.8"]
[White "Rodriguez Vila, Andres"]
[Black "Perez, Maximiliano"]
[Result "1-0"]
[ECO "C02"]
[WhiteElo "2407"]
[BlackElo "2383"]
[Annotator "TA"]
[PlyCount "87"]
[EventDate "2024.01.10"]
[EventType "swiss"]
[EventCountry "BRA"]
[SourceTitle "playchess.com"]
[Source "ChessBase"]
[SourceQuality "1"]
[TimeControl "5400+30"]

1. d4 e6 2. e4 d5 3. e5 c5 4. c3 Nc6 5. Nf3 Bd7 6. Bd3 Rc8 7. O-O cxd4 8. Re1 h6 9. Nxd4 {[%emt 0:00:00] White has an edge.} Nxd4 10. cxd4 Ne7 11. Nc3 Qb6 (11... Nc6 $11) 12. Rb1 Nc6 13. Be3 Be7 14. Qg4 Kf8 {[%emt 0:00:16] A mistake that costs the game.} ({Black should play} 14... g6 $14) 15. Nxd5 $18 Qd8 16. Nc3 Nb4 17. Be4 Bc6 18. Rec1 h5 19. Qf3 g6 (19... Bxe4 $142 20. Qxe4 (20. Nxe4 Rc6 $18) 20... Rb8) 20. a3 Bxe4 21. Qxe4 Nc6 22. d5 exd5 23. Nxd5 Kg7 (23... Qd7 $142 24. Nxe7 Nxe7) 24. Rd1 Qe8 25. e6 {[%emt 0:00:00] [#] Hoping for Nxe7.} fxe6 (25... Bd8 $142 26. e7 Bxe7 27. Bd4+ f6) 26. Qxe6 Qf7 27. Qd7 {[%emt 0:00:00][%cal Od5e7] Black must now prevent Nxe7!} Bh4 28. Qh3 Rcd8 29. Nf4 Rxd1+ 30. Rxd1 Be7 31. Rd7 {[%emt 0:00:00] [#] Ne6+ would now be deadly.} Qa2 (31... Rb8 {might work better.} 32. g3 Qc4 33. Bxa7 Ra8) 32. Bc1 {[%emt 0:00:00] And now Qc3+ would win.} (32. Rxb7 $2 Qb1+) (32. Ne6+ Kf6 33. Bd4+ (33. Bg5+ Kf7 $14) 33... Kf7 34. Qf3+ (34. Bxh8 $2 Qb1+) (34. Ng5+ Ke8 $11) 34... Kxe6 $16) 32... Qc4 33. Bd2 Kf7 34. Qg3 (34. Rxb7 Rd8 35. Rd7 Rxd7 36. Qxd7 Ne5 $18) (34. Rd5 $142 {Intending Qe6+ and mate.} Qe4 35. Qb3) 34... Qe4 (34... Qc2 35. Be1 Qe4) 35. h3 {[%emt 0:00:00] aiming for Qb3+.} (35. Rxb7 $2 Qb1+) 35... b6 $2 (35... Ke8) 36. Qb3+ Ke8 37. Rc7 Rf8 38. Qd5 {[%emt 0:00:00] Inhibits Nd4.} (38. Qb5 $142 Rxf4 39. Bxf4 (39. Rxc6 Kf8 $18) (39. Qxc6+ Qxc6 40. Rxc6 Rd4 $16) 39... Qxf4 40. Rc8+ (40. Rxc6 Kf8 $18) (40. Rxa7 Qc1+ 41. Kh2 Qf4+ 42. Kg1 Qc1+ 43. Kh2 Bf6 $11) 40... Kf7 41. Qd5+ (41. Qxc6 Qd2 $18) (41. Rxc6 Bc5 $18) 41... Kf6 42. Rxc6+ Kg7 43. Qe6 (43. g3 Qf7 $18)) 38... Qxd5 39. Nxd5 Rf5 40. Nxe7 ({Don't play} 40. Rxc6 $6 Rxd5 41. Bc3 Rd1+ 42. Kh2 Bd6+ 43. g3 Kd7 $16) 40... Nxe7 41. Rxa7 Rd5 42. Be3 Rd1+ 43. Kh2 Nd5 44. Rb7 {[%emt 0:02:39] Weighted Error Value: White=0.66/Black=0.51.  Loses game:     	---       	Black=1      Mistake:       	White=1     	Black=7      Inaccurate:     	White=2     	Black=1      OK:         	White=15    	Black=13     Best:        	White=1     	Black=4} 1-0

[Event "10th Floripa Open 2024"]
[Site "Florianopolis"]
[Date "2024.01.28"]
[Round "10.9"]
[White "Coppola, Claudio"]
[Black "Matsuura, Everaldo"]
[Result "1/2-1/2"]
[ECO "D00"]
[WhiteElo "2250"]
[BlackElo "2410"]
[Annotator "RC"]
[PlyCount "123"]
[EventDate "2024.01.10"]
[EventType "swiss"]
[EventCountry "BRA"]
[SourceTitle "playchess.com"]
[Source "ChessBase"]
[SourceQuality "1"]
[TimeControl "5400+30"]

1. d4 Nf6 2. Nc3 d5 3. Bf4 g6 4. e3 Bg7 5. h4 h5 6. Nf3 O-O 7. Qd2 c5 8. O-O-O Qa5 9. Kb1 cxd4 10. exd4 Bg4 11. Be2 Nc6 12. Ne5 Bxe2 13. Qxe2 Rac8 14. g4 Nxg4 15. Nxg4 Nxd4 16. Nh6+ Kh7 17. Rxd4 Bxd4 18. Nf5 Bxc3 19. bxc3 Qxc3 20. Be5 Qb4+ 21. Bb2 Rce8 22. Ng3 Qc4 23. Qd1 Qg4 24. Qd2 Rd8 25. Rg1 Rd6 26. Ne2 Qxh4 27. Nd4 Rb6 28. Ka1 Rf6 29. f3 e5 30. Ne2 d4 31. f4 exf4 32. Qxd4 Re8 33. Nc3 Ree6 34. Ne4 Rxe4 35. Qxe4 Re6 36. Qb4 Qf2 37. Rc1 Qb6 38. Qf8 f6 39. Qf7+ Kh6 40. c4 Qe3 41. Rb1 Rb6 42. Bxf6 Rxb1+ 43. Kxb1 h4 44. Qg7+ Kh5 45. Qh7+ Kg4 46. Qxg6+ Kf3 47. Qh5+ Kg2 48. Qg4+ Qg3 49. Qxh4 Qd3+ 50. Kb2 Qxc4 51. Qg4+ Kf2 52. Bh4+ Ke3 53. Qg1+ Kf3 54. Qd1+ Qe2+ 55. Qxe2+ Kxe2 56. Kc3 f3 57. a4 f2 58. Bxf2 Kxf2 59. Kd4 Ke2 60. a5 Kd2 61. a6 bxa6 62. Kc4 1/2-1/2

[Event "10th Floripa Open 2024"]
[Site "Florianopolis"]
[Date "2024.01.28"]
[Round "10.10"]
[White "Galego, Luis"]
[Black "Caetano, Ryan Wesley Da Costa"]
[Result "1-0"]
[ECO "D79"]
[WhiteElo "2468"]
[BlackElo "2184"]
[Annotator "TA"]
[PlyCount "97"]
[EventDate "2024.01.10"]
[EventType "swiss"]
[EventCountry "BRA"]
[SourceTitle "playchess.com"]
[Source "ChessBase"]
[SourceQuality "1"]
[TimeControl "5400+30"]

1. Nf3 Nf6 2. g3 g6 3. Bg2 Bg7 4. c4 O-O 5. O-O c6 6. d4 d5 7. cxd5 cxd5 8. Ne5 e6 9. Nc3 Nfd7 10. f4 Nc6 11. e3 Ndxe5 12. fxe5 f6 13. exf6 Bxf6 {[%emt 0:00:15] The position is equal.} 14. Bd2 Bd7 15. Rc1 Rc8 16. Ne2 Qb6 17. b3 g5 18. Nc3 Ne7 19. Kh1 Qd6 (19... h6 $11 {keeps the balance.}) 20. e4 $1 $16 Bxd4 21. Rxf8+ Rxf8 22. Bxg5 Bxc3 23. Rxc3 Qe5 24. Bxe7 Qxc3 25. Bxf8 Kxf8 26. exd5 exd5 27. Bxd5 {[%emt 0:00:25][%mdl 4096] Endgame. KQB-KQB} b6 28. Be4 Ke7 29. Kg2 ({Reject} 29. Bxh7 $6 Bc6+ 30. Kg1 Qe3+ 31. Kf1 Bb5+ 32. Kg2 Bc6+ 33. Kf1 Bb5+ 34. Kg2 Bc6+ 35. Kf1 $11) 29... h6 30. Qe2 {[%emt 0:02:51] And now Bf5+ would win.} Kd6 31. h4 (31. Qd3+ {simplifies} Qxd3 32. Bxd3 Ke5 33. Kf3) 31... Qd4 32. Bf3 a5 33. Qc2 Qe3 {[%emt 0:01:02] [#]} 34. Qd1+ $1 Kc7 35. h5 (35. Qe2 $142 Qxe2+ 36. Bxe2) 35... b5 36. g4 a4 37. Qc2+ (37. Qg1 $16 Qf4 38. Qh2 Qxh2+ 39. Kxh2) 37... Kb6 $2 (37... Kd6 $11 {and Black is okay.}) 38. bxa4 bxa4 39. Qb2+ (39. Qf2 $18 Qxf2+ 40. Kxf2) 39... Kc7 $1 $14 {[%emt 0:00:29] [#]} 40. a3 ({Better is} 40. Qf2 $1 $16 Qc1 41. Qa7+ Kd6 42. Qd4+ Ke7 43. Qg7+ Ke6 44. Qg6+ Ke7 45. Qg7+ Ke6 46. Qd4) 40... Qb3 {[%emt 0:01:09][%mdl 8192] Loses the game.} (40... Qf4 $14) 41. Qe5+ Kd8 42. Qh8+ Kc7 43. Qxh6 {[%emt 0:00:54] aiming for Qf4+.} Qxa3 44. Qf4+ Kd8 45. h6 {[%emt 0:01:40] Intending Qf6+ and mate.} Qb2+ 46. Kg3 {[%emt 0:00:05] Threatening mate with Qf8+.} a3 47. Qf8+ (47. h7 $142 Qh8 48. Qg5+ Kc7 49. Qa5+ Kd6 50. Qxa3+ Kc7 51. Qa5+ Kd6 52. Qb4+ Kc7 53. Qe7) 47... Kc7 48. h7 a2 49. h8=Q {[%emt 0:00:27] Weighted Error Value: White=0.26 (precise) /Black=0.51.  Loses game:     	---       	Black=2      Missed win:     	White=1     	---        Mistake:       	White=3     	Black=1      Inaccurate:     	White=1     	Black=2      OK:         	White=10    	Black=9      Best:        	White=1     	Black=1      Strong:       	White=1     	Black=1} ({Inferior is} 49. h8=B a1=Q 50. Bxb2 Qxb2 $11) 1-0

[Event "10th Floripa Open 2024"]
[Site "Florianopolis"]
[Date "2024.01.28"]
[Round "10.10"]
[White "Galego, Luis"]
[Black "Caetano, Ryan Wesley Da Costa"]
[Result "*"]
[ECO "D79"]
[WhiteElo "2468"]
[BlackElo "2184"]
[Annotator "RC"]
[PlyCount "44"]
[EventDate "2024.01.10"]
[EventType "swiss"]
[EventCountry "BRA"]
[SourceTitle "playchess.com"]
[Source "ChessBase"]
[SourceQuality "1"]
[TimeControl "5400+30"]

1. Nf3 Nf6 2. g3 g6 3. Bg2 Bg7 4. c4 O-O 5. O-O c6 6. d4 d5 7. cxd5 cxd5 8. Ne5 e6 9. Nc3 Nfd7 10. f4 Nc6 11. e3 Ndxe5 12. fxe5 f6 13. exf6 Bxf6 14. Bd2 Bd7 15. Rc1 Rc8 16. Ne2 Qb6 17. b3 g5 18. Nc3 Ne7 19. Kh1 Qd6 20. e4 Bxd4 21. Rf2 Rf7 22. Rxf7 Rf8 *